Map: Cactus Valley LE (Void)

Players

Musumeci

  • Race: Zerg Zerg
  • League: Diamond
  • Spawn Location: 1:00

Alive - Winner!

  • Race: Zerg Zerg
  • League: Diamond
  • Spawn Location: 11:00

VOD

Have the link to the VOD?

Description

Time

  • Played on: Feb. 1, 2017, 1:06 p.m.
  • Length: 9:22
Show
View Real Time Build Order
Export as new Build Order

Musumeci Zerg 

Build Orders: Pool First 

Get SALT Encoding   

  13  0:07  Drone  
  13  0:08  Drone  
  14  0:16  Overlord  
  14  0:23  Drone, Extractor  
  15  0:34  Drone  
  16  0:39  Drone  
  17  0:49  Spawning Pool  
  16  0:51  Drone  
  17  0:57  Extractor  
  16  1:18  Hatchery  
  15  1:33  Drone  
  15  1:34  Drone x2  
  18  1:44  Queen  
  20  1:55  Zergling x2  
  20  2:00  Metabolic Boost  
  21  2:22  Evolution Chamber  
  21  2:27  Queen  
  21  2:29  Zergling x6  
  25  2:43  Baneling Nest  
  23  3:01  Zergling x10  
  23  3:04  Overlord  
  28  3:09  Evolution Chamber  
  28  3:12  Drone  
  27  3:30  Drone x2  
  27  3:31  Drone x2  
  28  3:47  Zergling x10  
  30  4:02  Zergling x4  
  32  4:03  Zergling x2  
  32  4:14  Zerg Ground Armor Level 1  
  32  4:20  Baneling x3  
  32  4:25  Zergling x8  
  32  4:43  Zergling x12  
  34  4:49  Drone  
  34  4:50  Drone  
  36  4:58  Baneling x2  
  36  4:59  Baneling x2  
  27  5:28  Zergling x4  
  27  5:29  Zergling x16  
  27  5:34  Overlord  
  36  5:50  Baneling x2  
  36  5:53  Drone x3  
  36  5:54  Drone x2  
  39  6:22  Zerg Melee Weapons Level 1  
  38  6:26  Zergling x12  
  37  6:41  Zergling x2  
  37  6:42  Zergling x12  
  44  6:50  Hatchery  
  43  7:05  Zergling x6  
  39  7:28  Baneling x2  
  36  7:41  Zergling x2  
  36  7:42  Zergling x14  
  38  7:53  Drone x6  
  38  7:56  Lair  
  44  7:59  Extractor  
  44  8:00  Extractor  
  44  8:01  Extractor  
  44  8:02  Queen  
  43  8:19  Drone x7  
  24  9:05  Zergling x2  
  27  9:12  Spine Crawler  
  27  9:15  Spine Crawler  
  27  9:17  Spine Crawler  
  27  9:18  Spine Crawler  
Show
View Real Time Build Order
Export as new Build Order

Alive Zerg - Winner!

Build Orders: Hatch First, Zergling Baneling 

Get SALT Encoding   

  12  0:01  Drone  
  13  0:13  Overlord  
  13  0:18  Drone  
  14  0:31  Drone x2  
  14  0:35  Drone  
  17  0:52  Hatchery  
  17  0:55  Drone  
  17  0:59  Drone  
  17  1:02  Extractor  
  17  1:09  Drone  
  18  1:17  Spawning Pool  
  17  1:23  Drone  
  18  1:28  Drone  
  19  1:39  Overlord  
  19  1:56  Drone  
  20  2:03  Metabolic Boost  
  20  2:04  Queen  
  20  2:05  Queen  
  20  2:06  Zergling x2  
  25  2:09  Zergling x2  
  26  2:17  Drone x2  
  28  2:24  Baneling Nest  
  28  2:26  Drone  
  28  2:35  Drone x2  
  27  3:02  Drone  
  27  3:04  Drone x2  
  27  3:05  Drone x3  
  33  3:15  Zergling x4  
  35  3:25  Zergling x4  
  35  3:28  Overlord  
  34  3:37  Baneling  
  34  3:41  Zergling x6  
  35  3:45  Zergling x2  
  35  3:46  Overlord  
  33  3:55  Zergling x4  
  33  4:04  Queen  
  33  4:09  Zergling x6  
  38  4:14  Baneling  
  38  4:15  Baneling x3  
  38  4:16  Zergling x4  
  38  4:17  Spine Crawler, Zergling x6  
  42  4:35  Zergling x6  
  44  4:44  Drone  
  39  4:51  Zergling x4  
  39  4:52  Zergling x4  
  43  4:53  Baneling x3  
  43  5:04  Drone x2  
  45  5:10  Hatchery  
  44  5:16  Drone x5  
  40  5:34  Drone x3  
  40  5:35  Drone  
  44  5:36  Evolution Chamber  
  44  5:38  Roach Warren  
  44  5:41  Lair  
  42  5:51  Baneling x2  
  42  5:52  Zergling x8  
  42  5:53  Zergling x2  
  47  6:00  Overlord x2  
  47  6:06  Zerg Missile Weapons Level 1  
  47  6:16  Baneling x4  
  46  6:23  Hatchery  
  47  6:37  Hatchery  
  47  6:39  Glial Reconstitution  
  46  6:41  Roach  
  46  6:45  Overlord  
  48  6:48  Drone x9, Extractor  
  48  6:49  Extractor  
  48  6:51  Zergling x2  
  55  7:11  Roach x3  
  55  7:12  Roach  
  62  7:27  Roach x5, Drone  
  71  7:32  Roach  
  72  7:41  Roach x2  
  72  7:42  Overlord x2  
  71  7:56  Queen  
  71  7:57  Roach x4  
  81  7:59  Overlord x3  
  81  8:09  Extractor  
  81  8:10  Drone x3  
  83  8:14  Zergling x10  
  88  8:27  Spine Crawler  
  88  8:30  Zergling x4  
  88  8:31  Zergling x6  
  87  8:46  Zergling x10  
  87  8:47  Zergling x6  
  92  9:00  Zergling x6  
Tags
 
Add a new tag
Caveats
  • Supply blocks, unpowered buildings, or Contaminate may cause inaccurate times.
  • Supply counts are checked every 10 seconds.